 Dungeon Crawl Stone Soup version 0.31-a0-1620-gcbf77bbcfc (webtiles) character file.

Game seed: 10934605480286455011

32 Thjof the Firebug (level 3, 0/33 HPs)
             Began as an Oni Fire Elementalist on Jan 11, 2024.
             Succumbed to an adder's poison
             ... on level 2 of the Dungeon.
             The game lasted 00:06:50 (436 turns).

Thjof the Firebug (Oni Fire Elementalist)            Turns: 436, Time: 00:06:50

Health: 0/33       AC:  3    Str: 14    XL:     3   Next: 27%
Magic:  0/7        EV: 10    Int: 16    God:
Gold:   103        SH:  0    Dex:  9    Spells: 4/7 levels left

rFire   . . .        h - +0 spear
rCold   . . .        (no shield)
rNeg    . . .        a - +0 robe
rPois   .            (helmet restricted)
rElec   .            (no cloak)
rCorr   .            (gloves unavailable)
SInv    .            (boots unavailable)
Will    .....        (no amulet)
Stlth   +            (no ring)
HPRegen 0.25/turn    (no ring)
MPRegen 0.10/turn

%: no passive effects
@: lethally poisoned (0 -> -4), invisible
A: large, unfitting armour, horns 1, tough skin 1, double potion healing,
drunken brawling
a: no special abilities


You were on level 2 of the Dungeon.
You visited 1 branch of the dungeon, and saw 3 of its levels.

You collected 103 gold pieces.

Inventory:

Hand Weapons
 c - a +0 short sword
 h - a +0 spear (weapon)
Missiles
 d - 5 stones (quivered)
Armour
 a - a +0 robe (worn)
Scrolls
 e - a scroll of fog {unknown}
 f - a scroll of revelation {unknown}
 g - a scroll of identify {unknown}
Potions
 b - a potion of magic


   Skills:
 + Level 1.1 Fighting
 + Level 2.1 Dodging
 - Level 1.5 Stealth
 + Level 2.8 Spellcasting
 + Level 1.3 Conjurations
 + Level 3.0 Fire Magic


You had 4 spell levels left.
You knew the following spells:

 Your Spells              Type           Power      Damage    Failure   Level
a - Foxfire               Conj/Fire      36%        2x1d5     8%          1
b - Scorch                Fire           22%        2d5       9%          2

Your spell library contained the following spells:

 Spells                   Type           Power      Damage    Failure   Level
 Inner Flame              Hex/Fire       7%         N/A       30%         3
 Volatile Blastmotes      Fire/Tloc      14%        2d11      30%         3
 Flame Wave               Conj/Fire      9%         2d6       61%         4


Dungeon Overview and Level Annotations

Branches:
Dungeon (3/15)

Altars:


Innate Abilities, Weirdness & Mutations

You are too large for most types of armour.
You have a pair of small horns on your head.
You have tough skin. (AC +1)
You gain doubled healing and magic from potions.
Whenever you drink a healing potion, you attack all around you.


Message History

The orc hits you with a +0 morningstar.
You climb upwards.
There is a stone staircase leading down here.
Casting: Foxfire (safe; 8% risk of failure)
Confirm with . or Enter, or press ? or * to list all spells.
Flames lash the adder.
The adder is moderately wounded.
The adder's fire resistance burns away.
The orc barely misses you. The orc hits you with a +0 mace.
Casting: Scorch (safe; 9% risk of failure)
Confirm with . or Enter, or press ? or * to list all spells.
Flames lash the orc.
You kill the orc!
The orc closely misses you.
A kobold comes into view. It is wielding a +0 club.
Things that are here:
a +0 mace; 2 boomerangs; an orc corpse
Casting: Scorch (safe; 9% risk of failure)
Confirm with . or Enter, or press ? or * to list all spells.
You conjure some foxfire!
The adder is no longer more vulnerable to fire.
The adder bites you.
* * * LOW HITPOINT WARNING * * *
You are poisoned.
The adder poisons you! The orc barely misses you.
* * * LOW HITPOINT WARNING * * *
You feel sick.
The foxfire hits the orc.
The orc is lightly wounded.
The foxfire hits the orc.
The orc is severely wounded.
The adder attacks as it pursues you! The adder completely misses you.
It was a potion of invisibility.
You fade into invisibility!
* * * LOW HITPOINT WARNING * * *
You feel sick. The adder bites you.
* * * LOW HITPOINT WARNING * * *
Casting: Foxfire (safe; 8% risk of failure)
Confirm with . or Enter, or press ? or * to list all spells.
You conjure some foxfire!
You die...

#........#.# ..
#.#<#....... ...###
#.#....#.#
##...K##.#......#
...........รท..#.#
#
######...##...#.#.#
###o#........#
#oS......###
###@v.[..#
#.v.......#
#########.# .. .# #


You could see an adder (unable to see you, ally target), 2 orcs and a kobold
(unable to see you).

Vanquished Creatures
  An adder (D:2)
  A dart slug (D:1)
  2 orcs
  A bat (D:1)
  An endoplasm (D:1)
  2 giant cockroaches (D:1)
  A hobgoblin (D:1)
  A quokka (D:3)
  4 ball pythons
  4 kobolds (D:1)
  2 rats
20 creatures vanquished.

Vanquished Creatures (others)
  26 foxfires
26 creatures vanquished.

Grand Total: 46 creatures vanquished

Notes
Turn   | Place    | Note
-------+----------+-------------------------------------------
     0 | D:1      | Thjof the Oni Fire Elementalist began the quest for the
                  | Orb.
     0 | D:1      | Reached XP level 1. HP: 16/16 MP: 3/3
    30 | D:1      | Reached skill level 1 in Conjurations
    78 | D:1      | Reached XP level 2. HP: 24/24 MP: 2/5
   178 | D:1      | Learned a level 2 spell: Scorch
   240 | D:2      | Reached skill level 1 in Fighting
   240 | D:2      | Reached XP level 3. HP: 33/33 MP: 4/7
   243 | D:1      | Reached skill level 3 in Fire Magic
   435 | D:2      | HP: 1/33 [adder (4)]
   436 | D:2      | Succumbed to an adder's poison

Illustrated notes

Levels and vault maps discovered:
D:1:      eino_arrival_cavern_d, layout_rooms
D:2:      layout_basic, small_statue_intersection, uniq_sigmund, uniq_jessica
D:3:      layout_loops_ring, good_gods_mini_temple,
          nicolae_qazlal_style_of_elements, lemuel_doored_altar,
          mainiacjoe_sewer_entry_somewhere_in_here_1, uniq_natasha

Skill      XL: |  1  2  3 |
---------------+----------+-----
Conjurations   | 1 |  1.3
Dodging        | 2 |  2.1
Fighting       | 1 |  1.1
Fire Magic     | 3 |  3.0
Stealth        | |  1.5
Spellcasting   | |  2.8

Action                     || total
---------------------------++-------
  Melee: Unarmed           ||     2
         Short sword       ||    19
         Headbutt          ||     5
         Spear             ||     6
  Throw: Stone             ||     6
   Cast: Foxfire           ||    17
         Scorch            ||     2
    Use: Potion            ||     1
   Stab: Sleeping          ||     1
 Armour: Robe              ||    24
  Dodge: Dodged            ||    22

Table legend: (Time is in decaauts)
 A = Elapsed time spent in this place.
 B = Non-inter-level travel time spent in this place.
 C = Inter-level travel time spent in this place.
 D = Time resting spent in this place.
 E = Time spent auto-exploring this place.
 F = Levels seen in this place.
 G = Mean time per level.
                   A        B        C        D        E       F      G
               +--------+--------+--------+--------+--------+-----+--------+
         Total |    436 |    410 |     26 |      0 |     49 |   3 |  145.3 |
       Dungeon |    436 |    410 |     26 |      0 |     49 |   3 |  145.3 |
               +--------+--------+--------+--------+--------+-----+--------+

Top non-repeatable levels by time:
     D:1: 379 daAuts
     D:2: 51 daAuts
     D:3: 6 daAuts
